 Dungeon Crawl Stone Soup version 0.21-a0-474-g05767a10c8 (webtiles) character file.

96 Malachi the Skirmisher (level 4, -7/37 HPs)
             Began as a Demonspawn Berserker on Nov 22, 2017.
             Was a Believer of Trog.
             Mangled by an orc
             ... wielding a +0 war axe
              (11 damage)
             ... on level 3 of the Dungeon.
             The game lasted 00:02:29 (1621 turns).

Malachi the Skirmisher (Demonspawn Berserker)       Turns: 1621, Time: 00:02:30

Health: -7/37      AC:  4    Str: 18    XL:     4   Next: 41%
Magic:  4/4        EV: 12    Int:  8    God:    Trog [**....]
Gold:   64         SH:  0    Dex: 13    Spells: 3/3 levels left

rFire    . . .     SeeInvis .   (no weapon)
rCold    . . .     Gourm    .   (no shield)
rNeg     . . .     Faith    .   b - +0 animal skin
rPois    .         Spirit   .   e - +2 hat
rElec    .         Reflect  .   (no cloak)
rCorr    .         Harm     .   (no gloves)
MR       .....                  (no boots)
Stlth    +.........             (no amulet)
HPRegen  0.12/turn              (no ring)
MPRegen  0.09/turn              (no ring)

@: berserk cooldown, slowed, very slow
A: claws 1, horns 2
a: Berserk, Trog's Hand, Burn Spellbooks, Renounce Religion


You were on level 3 of the Dungeon.
You worshipped Trog.
Trog was pleased with you.
You were not hungry.

You visited 1 branch of the dungeon, and saw 3 of its levels.

You collected 64 gold pieces.

Inventory:

Hand Weapons
 a - a +0 hand axe
Armour
 b - a +0 animal skin (worn)
 e - a +2 hat (worn)
Jewellery
 i - an uncursed ring of ice {unknown}
Scrolls
 f - a scroll of teleportation {unknown}
 h - 4 scrolls of identify {unknown}
Potions
 d - a potion of ambrosia {unknown}
 g - 2 potions of mutation {unknown}
 j - a potion of haste {unknown}
 k - a potion of brilliance {unknown}
Comestibles
 c - a bread ration
 l - a royal jelly
 m - 7 chunks of flesh


   Skills:
 + Level 4.2 Fighting
 + Level 3.3 Axes
 + Level 1.8 Armour
 + Level 2.3 Dodging
 + Level 0.5 Stealth
 + Level 0.1 Unarmed Combat


You had 3 spell levels left.
You didn't know any spells.

Dungeon Overview and Level Annotations

Branches:
Dungeon (3/15)

Altars:
Cheibriados
Elyvilon
Kikubaaqudgha


Innate Abilities, Weirdness & Mutations

You have sharp fingernails.
You have a pair of horns on your head.


Message History

You feel a strong urge to attack something.
An orc comes into view. It is wielding a war axe.
The orc shouts!
You are no longer berserk.
You are exhausted.
You feel yourself slow down.
You see here a bread ration.
An orc comes into view. It is wielding a club.
You closely miss the orc. Your headbutt misses the orc.
The orc hits you with a war axe. The orc hits you with a war axe!
An orc comes into view. It is wielding a hand axe.
You completely miss the orc.
The orc shouts!
You headbutt the orc, but do no damage. The orc hits you with a war axe.
You closely miss the orc. The orc hits you with a war axe.
* * * LOW HITPOINT WARNING * * *
The orc hits you with a club.
* * * LOW HITPOINT WARNING * * *
The orc hits you with a war axe!
You die...

#... ... ######..#
#####.......# #
##...#.......#.#
....#.........
...#...o..##.##
#.##..oo.......
###.####@#####.##
#####.....(........#
###.....#.####.####..#
#..........# #.#
#.._..#.#..# #.#
#..8..#........#
###.._..###...##.#
.!^.....####..##..
#####.............


You could see 3 orcs.

Vanquished Creatures
  An orc priest (D:3)
  An adder (D:2)
  An ooze (D:2)
  3 dart slugs (D:1)
  A leopard gecko (D:1)
  2 orcs (D:3)
  6 goblins
  9 hobgoblins
  2 jackals (D:1)
  3 bats
  2 frilled lizards
  5 kobolds
  7 rats
43 creatures vanquished.

Notes
Turn   | Place    | Note
-------+----------+-------------------------------------------
     0 | D:1      | Malachi the Demonspawn Berserker began the quest for the Orb.
     0 | D:1      | Reached XP level 1. HP: 18/18 MP: 1/1
   346 | D:1      | Gained mutation: You have sharp fingernails. [demonic ancestry]
   346 | D:1      | Reached XP level 2. HP: 23/24 MP: 2/2
   737 | D:1      | Gained mutation: You have a pair of small horns on your head. [demonic ancestry]
   737 | D:1      | Reached XP level 3. HP: 23/30 MP: 3/3
  1019 | D:2      | Reached ** piety under Trog
  1140 | D:2      | Found a snail-covered altar of Cheibriados.
  1175 | D:2      | Reached skill level 4 in Fighting
  1557 | D:3      | Found a white marble altar of Elyvilon.
  1559 | D:3      | Found an ancient bone altar of Kikubaaqudgha.
  1613 | D:3      | Gained mutation: You have a pair of horns on your head. [demonic ancestry]
  1613 | D:3      | Reached XP level 4. HP: 37/37 MP: 4/4
  1621 | D:3      | Mangled by an orc

Vault maps used:
D:1:      dpeg_arrival_rhombi
D:2:      cheibriados_altar_1, first_bread
D:3:      chequers_temple_overflow_statue_of_worship, portal_sewer_entry_d,
          uniq_sigmund

Skill      XL: |  1  2  3 |
---------------+----------+-----
Axes           | 3 |  3.3
Dodging        | 2 |  2.3
Fighting       | 4 |  4.2
Armour         | |  1.8
Stealth        | |  0.5
Unarmed Combat | |  0.1

Action                   |  1- 3 |  4- 6 || total
-------------------------+-------+-------++-------
Melee: Hand axe          |    90 |       ||    90
       Unarmed           |    26 |     3 ||    29
       Headbutt          |    11 |     1 ||    12
Invok: Berserk           |     2 |       ||     2
  Eat: Bread ration      |     1 |       ||     1
Armor: Animal skin       |    30 |       ||    30
Dodge: Dodged            |    75 |       ||    75

Table legend:
 A = Spawn XP
 B = Non-spawn XP
 C = Spawn XP percentage of total XP
 D = Spawn monster count
 E = Non-spawn monster count
 F = Spawn count percentage of total count
 G = Total turns spent on level
                    A         B        C        D         E        F      G
               +---------+---------+-------+---------+---------+-------+---------
         Total |       0 |     138 |   0.0 |       0 |      43 |   0.0 |  1621
               +---------+---------+-------+---------+---------+-------+---------
           D:1 |       0 |      47 |   0.0 |       0 |      26 |   0.0 |   921
           D:2 |       0 |      40 |   0.0 |       0 |      13 |   0.0 |   629
           D:3 |       0 |      51 |   0.0 |       0 |       4 |   0.0 |    71
               +---------+---------+-------+---------+---------+-------+---------
